 Dungeon Crawl Stone Soup version 0.24-a0-784-g601f8f6 (webtiles) character file.

Game seed: 14879366011822072626, levelgen mode: deterministic

7220 2tousent the Transmogrifier (level 10, -8/79 HPs)
             Began as a Purple Draconian Transmuter on Oct 8, 2019.
             Was an Elder of Wu Jian.
             Mangled by Snorg (14 damage)
             ... on level 10 of the Dungeon.
             The game lasted 00:51:53 (12213 turns).

2tousent the Transmogrifier (DrTm)                 Turns: 12213, Time: 00:51:54

Health: -8/79      AC: 10    Str: 12    XL:     10   Next: 87%
Magic:  23/31      EV: 11    Int: 14    God:    Wu Jian [****..]
Gold:   388        SH:  3    Dex: 15    Spells: 17/26 levels left

rFire    . . .     SeeInvis .     - Unarmed
rCold    . . .     Gourm    .   (shield currently unavailable)
rNeg     . . .     Faith    .   (armour unavailable)
rPois    .         Spirit   .   (helmet restricted)
rElec    .         Reflect  +   m - scarf {cloud immunity}
rCorr    .         Harm     .   (gloves currently unavailable)
MR       +....                  G - +2 pair of boots
Stlth    +.........             q - +3 amulet of reflection
HPRegen  0.23/turn              (no ring)
MPRegen  0.22/turn              w - ring of magical power

@: exhausted, short of breath, blade hands (expiring), very slightly
contaminated, very heavily drained
A: breathe power, unfitting armour, cold-blooded, AC +7
a: Breathe Dispelling Energy, End Transformation, Wall Jump, Serpent's Lash,
Renounce Religion


You were on level 10 of the Dungeon.
You worshipped Wu Jian.
Wu Jian was greatly pleased with you.
You were near starving.
You had blades for hands.
You visited 1 branch of the dungeon, and saw 10 of its levels.
You also visited: Sewer.

You collected 530 gold pieces.
You spent 142 gold pieces at shops.

Inventory:

Missiles
 a - 282 arrows
 k - 3 throwing nets (quivered)
Armour
 e - a +1 pair of gloves (melded)
 m - a scarf of cloud immunity (worn)
 G - a +2 pair of boots (worn)
Jewellery
 q - a +3 amulet of reflection (around neck)
 w - a ring of magical power (right scythe-like blade)
 I - an uncursed ring of attention
Wands
 o - a wand of iceblast (5)
 B - a wand of scattershot (5)
 D - a wand of digging (5)
 F - a wand of paralysis (10)
Scrolls
 b - 5 scrolls of fog
 i - 4 scrolls of amnesia
 r - 2 scrolls of fear
 s - 2 scrolls of remove curse
 t - 2 scrolls of blinking
 u - 2 scrolls of magic mapping
 y - 2 scrolls of identify
 A - a scroll of teleportation
 E - 2 scrolls of enchant weapon
Potions
 d - 6 potions of might
 f - 2 potions of brilliance
 g - 8 potions of curing
 h - 4 potions of heal wounds
 j - a potion of mutation
 l - 2 potions of lignification
 n - a potion of cancellation
 p - a potion of resistance
 v - 3 potions of magic {unknown}
 x - a potion of ambrosia {unknown}
 C - 3 potions of agility {unknown}
Comestibles
 c - 15 rations


   Skills:
 + Level 4.2(0.8) Fighting
 + Level 3.8(0.5) Dodging
 * Level 9.2(5.3) Unarmed Combat
 + Level 8.8(5.0) Spellcasting
 * Level 11.0(7.0) Transmutations


You had 17 spell levels left.
You knew the following spells:

 Your Spells              Type           Power        Failure   Level  Hunger
a - Beastly Appendage     Tmut           ###...       16%         1    None
b - Spider Form           Tmut/Pois      ##........   50%         3    ###....
c - Blade Hands           Tmut           ###.......   69%         5    ######.

Your spell library contained the following spells:

 Spells                   Type           Power        Failure   Level  Hunger
 Sticks to Snakes         Tmut           ###.....     19%         2    ##.....
 Animate Skeleton         Necr           N/A          58%         1    None
 Corona                   Hex            #......      58%         1    None
 Flame Tongue             Conj/Fire      #....        58%         1    None
 Pain                     Necr           #...         58%         1    None
 Sting                    Conj/Pois      #...         58%         1    None
 Ensorcelled Hibernation  Hex/Ice        #.....       69%         2    ##.....
 Searing Ray              Conj           #.....       69%         2    ##.....
 Ice Form                 Ice/Tmut       ##......     80%         4    ####...
 Confuse                  Hex            #.......     85%         3    ###....
 Dazzling Spray           Conj/Hex       #.....       85%         3    ###....
 Regeneration             Chrm/Necr      #.........   85%         3    ###....
 Tukima's Dance           Hex            #.......     85%         3    ###....
 Vampiric Draining        Necr           #.........   85%         3    ###....
 Animate Dead             Necr           N/A          99%         4    ####...


Dungeon Overview and Level Annotations

Branches:
Dungeon (10/15)            Temple (0/1) D:6             Orc (0/2) D:9
  Sewer (visited)
   Lair: D:8-11

Altars:
Cheibriados
Gozag
Makhleb
Qazlal
Ru
Trog
Wu Jian
Zin
The Shining One

Shops:
D:5 *   D:6 !

Annotations:
D:10 2 runed translucent doors, Snorg


Innate Abilities, Weirdness & Mutations

You can breathe bolts of dispelling energy.
Your rich purple scales are hard. (AC +7)
You cannot fit into any form of body armour.
You are cold-blooded and may be slowed by cold attacks.


Message History

Aiming: Paralyse
Press: ? - help, Shift-Dir - straight line, f/p - Snorg
Aim: Snorg (heavily wounded, berserk, fast, unusually strong, chance to defeat MR: 15%)
Okay, then.
Evoke which item? (* to show all) (? for menu, Esc to quit)
Aiming: Iceblast
Press: ? - help, Shift-Dir - straight line, f/p - Snorg
Aim: Snorg (heavily wounded, berserk, fast, unusually strong)
The mass of ice explodes!
The iceblast engulfs Snorg!
Snorg is heavily wounded.
Evoke which item? (* to show all) (? for menu, Esc to quit)
Aiming: Scattershot
Press: ? - help, Shift-Dir - straight line, f/p - Snorg
Aim: Snorg (heavily wounded, berserk, fast, unusually strong)
The burst of metal fragments hits Snorg! x4
Snorg is almost dead.
You hear a shout!
You block Snorg's attack. Snorg misses you. Snorg closely misses you.
Snorg bites you!
You die...

..# #...# # ..#
#...#########..
..#####).............
..................:..
##...................
#...........#####...
#.......#+#...°.#
#.....###h###.T○#
#...### ... ###@#
#...# .#+#. #........
#..## ###. ##
##....... ##..#
....... ...## #......
##.+..+..$ ......
..... #.##.##..
.##### #...# #.. .#
.. #...# #..# # #...#


You could see Snorg (berserk).

Vanquished Creatures
  Erica (D:9)
  Joseph (D:8)
  9 yaks (D:9)
  Duvessa (D:4)
  2 water moccasins
  3 orc warriors
  2 ice beasts
  2 black bears
  A necrophage (D:10)
  4 ogres
  2 sky beasts
  5 centaurs
  14 bullfrogs
  2 scorpions
  Dowan (D:4)
  4 jellies
  3 howler monkeys
  7 crimson imps
  A bullfrog zombie (D:10)
  A centaur zombie (D:10)
  4 hounds
  4 orc priests
  A gnoll shaman (D:6)
  A centaur skeleton (D:4)
  3 iguanas
  11 orc wizards
  6 worker ants
  2 hound skeletons
  6 gnolls
  19 adders
  6 river rats (Sewer)
  2 oozes (Sewer)
  An adder zombie (D:7)
  4 worms
  5 dart slugs
  7 leopard geckos
  36 orcs
  11 bats
  2 giant cockroaches
  11 goblins
  8 hobgoblins
  24 jackals
  7 quokkas
  16 ball pythons
  6 frilled lizards
  6 kobolds
  A leopard gecko skeleton (D:4)
  A quokka skeleton (D:4)
  31 rats
308 creatures vanquished.

Notes
Turn   | Place    | Note
-------+----------+-------------------------------------------
     0 | D:1      | 2tousent the Draconian Transmuter began the quest for the
                  | Orb.
     0 | D:1      | Reached XP level 1. HP: 16/16 MP: 3/3
   101 | D:1      | Reached XP level 2. HP: 10/23 MP: 3/5
   852 | D:1      | Reached XP level 3. HP: 27/28 MP: 6/6
   868 | D:1      | Learned a level 3 spell: Spider Form
   892 | D:1      | Reached skill level 3 in Transmutations
  1485 | D:2      | Found a glowing golden altar of the Shining One.
  1532 | D:2      | Reached XP level 4. HP: 35/35 MP: 5/7
  2018 | D:2      | Reached XP level 5. HP: 40/40 MP: 5/9
  2019 | D:2      | Found an opulent altar of Gozag.
  2019 | D:2      | Found a bloodstained altar of Trog.
  2026 | D:2      | Learned a level 5 spell: Blade Hands
  2026 | D:2      | Found a sacrificial altar of Ru.
  2161 | D:3      | Reached skill level 4 in Transmutations
  3080 | D:4      | Reached XP level 6. HP: 9/47 MP: 7/10
  3393 | D:4      | Reached skill level 5 in Transmutations
  3488 | D:4      | Noticed Dowan
  3489 | D:4      | Noticed Duvessa
  3507 | D:4      | Killed Dowan
  3512 | D:4      | Killed Duvessa
  3512 | D:4      | Your scales start taking on a rich purple colour.
  3512 | D:4      | Reached XP level 7. HP: 13/52 MP: 5/14
  4064 | D:5      | Entered Level 5 of the Dungeon
  4088 | D:5      | Found an ornate altar of the Wu Jian Council.
  4096 | D:5      | Became a worshipper of the Wu Jian Council
  4133 | D:5      | Found Bonegede's General Store.
  4150 | D:5      | Bought a scroll of identify for 22 gold pieces
  4150 | D:5      | Bought a potion of heal wounds for 55 gold pieces
  4196 | D:5      | Reached skill level 6 in Transmutations
  4207 | D:5      | Reached skill level 5 in Unarmed Combat
  4207 | D:5      | Reached skill level 5 in Spellcasting
  4761 | D:4      | Found a glowing silver altar of Zin.
  5240 | D:6      | Reached XP level 8. HP: 59/59 MP: 12/16
  5373 | D:6      | Found a staircase to the Ecumenical Temple.
  5379 | D:6      | Found Gutwal's Distillery.
  5397 | D:6      | Found a glowing drain.
  5407 | Sewer    | Entered a sewer
  5490 | Sewer    | Reached * piety under Wu Jian
  5567 | Sewer    | Reached skill level 7 in Transmutations
  5699 | Sewer    | Reached ** piety under Wu Jian
  6030 | D:6      | Bought a potion of heal wounds for 65 gold pieces
  6920 | D:7      | Reached skill level 8 in Transmutations
  7196 | D:7      | Reached XP level 9. HP: 17/64 MP: 19/19
  7555 | D:7      | Found a snail-covered altar of Cheibriados.
  7641 | D:7      | Reached *** piety under Wu Jian
  8027 | D:8      | Noticed Joseph
  8037 | D:8      | Killed Joseph
  8037 | D:8      | Reached skill level 9 in Transmutations
  8517 | D:8      | Found a stormy altar of Qazlal.
  8716 | D:8      | Identified a scroll of acquirement
  8716 | D:8      | Identified the Papyrus of Battle Magic (You acquired it on
                  | level 8 of the Dungeon)
  9927 | D:9      | Reached skill level 10 in Transmutations
  9942 | D:9      | Reached **** piety under Wu Jian
 10165 | D:9      | Reached XP level 10. HP: 73/73 MP: 22/22
 10415 | D:9      | Found a staircase to the Orcish Mines.
 10474 | D:9      | Noticed Erica
 10490 | D:9      | Killed Erica
 10678 | D:9      | Found a burning altar of Makhleb.
 11022 | D:10     | Entered Level 10 of the Dungeon
 11689 | D:10     | Reached skill level 11 in Transmutations
 12039 | D:10     | Found a runed translucent door.
 12148 | D:10     | Found a runed translucent door.
 12201 | D:10     | Noticed Snorg
 12213 | D:10     | Mangled by Snorg

Levels and vault maps discovered:
D:1:      lemuel_arrival_river_bridge, layout_loops_ring, fountainhead,
          chequers_big_river
D:2:      kb_forest_paths, layout_basic, tso_oasis_becter,
          gammafunk_temple_overflow_forgotten, serial_corexii_hall,
          corexii_hall_statues_l, chequers_hall_statues_wall_a
D:3:      layout_basic
D:4:      layout_basic, nicolae_overflow_hidden_temple, minmay_mini_jars,
          uniq_duvessa
D:5:      layout_basic, basic_altar, first_ration, serial_shops,
          nicolae_shop_statue_plus, kennysheep_generic_room_8
D:6:      layout_basic, temple_fountains, serial_shops,
          nicolae_shop_behind_doors, cheibrodos_sewer_entry_drain,
          nicolae_benzene_ring, minmay_holes
D:7:      layout_loops_ring, kennysheep_mini
D:8:      layout_basic, overflow_temple_1_default, uniq_joseph
D:9:      layout_loops_corners, lightli_temple_of_fire, orc_0_dummy, uniq_erica
D:10:     layout_irregular_city, minmay_statue_crystal_thing, uniq_snorg

Skill      XL: |  1  2  3  4  5  6  7  8  9 10 |
---------------+-------------------------------+-----
Transmutations | 3 4 5 6 8 10 11 | 11.0
Spellcasting   | 3 4 5 6 8 |  8.8
Unarmed Combat | 4 5 6 7 9 |  9.2
Dodging        | 2 3 |  3.8
Fighting       | 2 4 |  4.2

Action                   |  1- 3 |  4- 6 |  7- 9 | 10-12 || total
-------------------------+-------+-------+-------+-------++-------
Melee: Unarmed           |   119 |   172 |   501 |   198 ||   990
       Headbutt          |     2 |       |     1 |     4 ||     7
       Tailslap          |     7 |    13 |    11 |     5 ||    36
       Kick              |     4 |     2 |       |       ||     6
       Punch             |       |       |     1 |     2 ||     3
 Cast: Beastly Appendage |     7 |     1 |     2 |     2 ||    12
       Spider Form       |     4 |    18 |    43 |    14 ||    79
       Blade Hands       |       |       |    10 |     8 ||    18
Invok: Lunge             |       |       |    70 |    31 ||   101
       Whirlwind         |       |       |   117 |    67 ||   184
       Serpent's Lash    |       |       |       |     1 ||     1
 Abil: Wall Jump         |       |       |     7 |    13 ||    20
       Breathe Dispellin |       |       |     2 |     2 ||     4
       End Transformatio |       |       |     2 |       ||     2
Evoke: Wand              |       |     1 |       |     2 ||     3
  Use: Scroll            |       |     7 |    14 |       ||    21
       Potion            |       |       |     4 |       ||     4
 Stab: Sleeping          |       |       |     6 |     1 ||     7
       Distracted        |       |       |     1 |       ||     1
  Eat: Chunk             |     2 |     9 |    26 |    10 ||    47
       Ration            |       |       |     1 |       ||     1
Armor: Skin              |    36 |    76 |   100 |    35 ||   247
Dodge: Dodged            |    83 |   157 |   332 |   112 ||   684
Block: Other             |       |       |     7 |    20 ||    27
       Reflection        |       |       |       |     2 ||     2

Table legend:
 A = Non-vault XP
 B = Vault XP
 C = Vault XP percentage of total XP
 D = Non-vault monster count
 E = Vault monster count
 F = Vault count percentage of total count
                 A         B        C        D         E       F
            +---------+---------+-------+---------+---------+-------
      Total |    8258 |    2057 |  19.9 |     239 |      69 |  22.4
            +---------+---------+-------+---------+---------+-------
        D:1 |      61 |       0 |   0.0 |      33 |       0 |   0.0
        D:2 |     111 |      25 |  18.4 |      27 |       6 |  18.2
        D:3 |      54 |       0 |   0.0 |      20 |       0 |   0.0
        D:4 |     277 |     270 |  49.4 |      16 |      10 |  38.5
        D:5 |     502 |       0 |   0.0 |      15 |       0 |   0.0
        D:6 |     551 |      11 |   2.0 |      21 |       3 |  12.5
        D:7 |     775 |       0 |   0.0 |      15 |       0 |   0.0
        D:8 |    1248 |     445 |  26.3 |      30 |       1 |   3.2
        D:9 |    3400 |     929 |  21.5 |      37 |       1 |   2.6
       D:10 |    1279 |       0 |   0.0 |      25 |       0 |   0.0
      Sewer |       0 |     377 | 100.0 |       0 |      48 | 100.0
            +---------+---------+-------+---------+---------+-------
